 Dungeon Crawl Stone Soup version 0.21-a0-513-gdcb3f5e (webtiles) character file.

36 Kilingo the Charmwright (level 3, -4/31 HPs)
             Began as a Gnoll Skald on Dec 3, 2017.
             Killed by divine providence
             ... invoked by an orc priest
              (13 damage)
             ... on level 3 of the Dungeon.
             The game lasted 00:12:54 (1538 turns).

Kilingo the Charmwright (Gnoll Skald)               Turns: 1538, Time: 00:12:55

Health: -4/31      AC:  3    Str: 14    XL:     3   Next: 37%
Magic:  6/9        EV: 14    Int: 19    God:
Gold:   47         SH:  0    Dex: 14    Spells: 9/12 levels left

rFire    . . .     SeeInvis .   a - +0 hand axe
rCold    . . .     Gourm    .   (no shield)
rNeg     . . .     Faith    .   b - +0 leather armour
rPois    .         Spirit   .   (no helmet)
rElec    .         Reflect  .   (no cloak)
rCorr    .         Harm     .   (no gloves)
MR       .....                  (no boots)
Stlth    +.........             (no amulet)
HPRegen  0.10/turn              j - +4 ring of intelligence
MPRegen  0.11/turn              (no ring)

@: singing, very slightly contaminated
A: distributed training, fangs 1, strong nose
a: no special abilities


You were on level 3 of the Dungeon.
You were not hungry.

You visited 1 branch of the dungeon, and saw 3 of its levels.

You collected 47 gold pieces.

Inventory:

Hand Weapons
 a - a +0 hand axe (weapon)
Missiles
 e - 8 tomahawks
 g - 20 sling bullets
 k - 54 stones (quivered)
Armour
 b - a +0 leather armour (worn)
 p - a +0 ring mail
Magical Staves
 n - an uncursed staff of summoning
Jewellery
 j - a +4 ring of intelligence (left hand)
 l - a cursed -2 ring of strength {unknown}
Scrolls
 i - a scroll of teleportation {unknown}
 m - a scroll of magic mapping {unknown}
Potions
 h - a potion of curing {unknown}
 o - a potion of resistance {unknown}
Books
 c - a book of Battle

   Spells                             Type                      Level
   a - Infusion                       Charms                       1
   b - Shroud of Golubria             Charms/Translocation         2
   c - Song of Slaying                Charms                       2
   d - Spectral Weapon                Hexes/Charms                 3
   e - Regeneration                   Charms/Necromancy            3
Comestibles
 d - 3 bread rations
 f - a meat ration


   Skills:
 + Level 4.5 Fighting
 + Level 0.7 Short Blades
 + Level 0.7 Long Blades
 + Level 4.5 Axes
 + Level 0.7 Maces & Flails
 + Level 0.7 Polearms
 + Level 0.7 Staves
 + Level 0.7 Slings
 + Level 0.7 Bows
 + Level 0.7 Crossbows
 + Level 0.7 Throwing
 + Level 2.6 Armour
 + Level 4.5 Dodging
 + Level 0.7 Stealth
 + Level 0.7 Shields
 + Level 0.7 Unarmed Combat
 + Level 5.0 Spellcasting
 + Level 0.5 Conjurations
 + Level 0.5 Hexes
 + Level 5.4 Charms
 + Level 0.5 Summonings
 + Level 0.5 Necromancy
 + Level 0.5 Translocations
 + Level 0.5 Transmutations
 + Level 0.5 Fire Magic
 + Level 0.5 Ice Magic
 + Level 0.5 Air Magic
 + Level 0.5 Earth Magic
 + Level 0.5 Poison Magic
 + Level 0.9 Invocations
 + Level 0.7 Evocations


You had 9 spell levels left.
You knew the following spells:

 Your Spells              Type           Power        Failure   Level  Hunger
a - Infusion              Chrm           ####         1%          1    None
b - Song of Slaying       Chrm           ####....     2%          2    #......


Dungeon Overview and Level Annotations

Branches:
Dungeon (3/15)

Altars:
Ashenzari
Hepliaklqana
Yredelemnul


Innate Abilities, Weirdness & Mutations

Your experience applies equally to all skills.
You have very sharp teeth.
Your uncanny sense of smell can sniff out nearby items.


Message History

Okay, then.
Okay, then.
Casting: Infusion
Confirm with . or Enter, or press ? or * to list all spells.
You start singing a song of slaying.
The orc closely misses you. The orc hits you but does no damage.
The orc priest calls upon Beogh to heal the orc.
The orc's wounds heal themselves!
Casting: Song of Slaying
Confirm with . or Enter, or press ? or * to list all spells.
You miscast Infusion.
You are very lightly contaminated with residual magic.
Nothing appears to happen.
The orc misses you. The orc hits you with a mace.
The orc priest hits you with a mace.
* * * LOW HITPOINT WARNING * * *
An orc comes into view. It is wielding a hand axe.
The orc shouts!
You hear a shout!
The orc priest calls down the wrath of Beogh upon you.
Beogh smites you!
You die...

##............. ......
#.#.......##..... .?.....
#.#.......##..... #......
##.#.......##.....
........##.........#.......
..... ....#........#.....
#.#.###...........)#####
#................#...#
#....o.@.........###..#
#...o.o......<...# #...
#..#..##.#..###..........
.... #.###.#..# #.#.###.#..
... #. ..#.## #.#[# .. ..
.# >o...# #.#.. . . .<
...#..# ..##.# .
.........## ... ..
..........#


You could see an orc priest and 3 orcs.

Vanquished Creatures
  An adder (D:2)
  A dart slug (D:1)
  A leopard gecko (D:2)
  2 giant cockroaches
  2 goblins
  2 hobgoblins
  2 kobolds
  6 bats
  2 frilled lizards (D:1)
  2 gnoll zombies (D:2)
  5 rats
26 creatures vanquished.

Notes
Turn   | Place    | Note
-------+----------+-------------------------------------------
     0 | D:1      | Kilingo the Gnoll Skald began the quest for the Orb.
     0 | D:1      | Reached XP level 1. HP: 20/20 MP: 6/6
    63 | D:1      | Reached XP level 2. HP: 23/26 MP: 7/7
   821 | D:2      | Found a shattered altar of Ashenzari.
  1038 | D:2      | Found a hazy altar of Hepliaklqana.
  1049 | D:2      | Reached skill level 5 in Spellcasting
  1049 | D:2      | Reached XP level 3. HP: 25/31 MP: 7/9
  1228 | D:2      | Learned a level 2 spell: Song of Slaying
  1312 | D:2      | Found a basalt altar of Yredelemnul.
  1538 | D:3      | Killed from afar by an orc priest

Vault maps used:
D:1:      evilmike_arrival_plus, serial_aquarium, aquarium_bridge_long_joined,
          aquarium_bridge_square, aquarium_window_corner, aquarium_window_1,
          aquarium_window_1, aquarium_view_2g, aquarium_view_4,
          aquarium_balcony_3a
D:2:      lemuel_zombie_altar_yredelemnul, lemuel_round_altar, first_bread,
          evilmike_ruin_ashenzari
D:3:      minitemple, uniq_ijyb

Skill      XL: |  1  2 |
---------------+-------+-----
Spellcasting   | 5 |  5.0
Fighting       | |  4.5
Short Blades   | |  0.7
Long Blades    | |  0.7
Axes           | |  4.5
Maces & Flails | |  0.7
Polearms       | |  0.7
Staves         | |  0.7
Slings         | |  0.7
Bows           | |  0.7
Crossbows      | |  0.7
Throwing       | |  0.7
Armour         | |  2.6
Dodging        | |  4.5
Stealth        | |  0.7
Shields        | |  0.7
Unarmed Combat | |  0.7
Conjurations   | |  0.5
Hexes          | |  0.5
Charms         | |  5.4
Summonings     | |  0.5
Necromancy     | |  0.5
Translocations | |  0.5
Transmutations | |  0.5
Fire Magic     | |  0.5
Ice Magic      | |  0.5
Air Magic      | |  0.5
Earth Magic    | |  0.5
Poison Magic   | |  0.5
Invocations    | |  0.9
Evocations     | |  0.7

Action                   || total
-------------------------++-------
Melee: Hand axe          ||    90
       Bite              ||    10
Throw: Stone             ||    12
 Cast: Song of Slaying   ||     1
  Use: Scroll            ||     2
 Stab: Sleeping          ||     1
  Eat: Bread ration      ||     1
       Chunk             ||     1
Armor: Leather armour    ||    32
Dodge: Dodged            ||    84

Table legend:
 A = Spawn XP
 B = Non-spawn XP
 C = Spawn XP percentage of total XP
 D = Spawn monster count
 E = Non-spawn monster count
 F = Spawn count percentage of total count
 G = Total turns spent on level
                    A         B        C        D         E        F      G
               +---------+---------+-------+---------+---------+-------+---------
         Total |       0 |      52 |   0.0 |       0 |      26 |   0.0 |  1538
               +---------+---------+-------+---------+---------+-------+---------
           D:1 |       0 |      24 |   0.0 |       0 |      15 |   0.0 |   671
           D:2 |       0 |      25 |   0.0 |       0 |       9 |   0.0 |   795
           D:3 |       0 |       3 |   0.0 |       0 |       2 |   0.0 |    72
               +---------+---------+-------+---------+---------+-------+---------
